 Dungeon Crawl Stone Soup version 0.20-a0-947-g2784f4f (webtiles) character file.

114 MatthieuS the Bolt Thrower (level 4, 0/36 HPs)
             Began as a Centaur Hunter on Apr 2, 2017.
             Slain by a bullfrog (4 damage)
             ... on level 6 of the Dungeon.
             The game lasted 00:06:01 (2343 turns).

MatthieuS the Bolt Thrower (Centaur Hunter)         Turns: 2343, Time: 00:06:01

Health: 0/36       AC:  7    Str: 15    XL:     4   Next: 67%
Magic:  4/4        EV:  9    Int: 10    God:
Gold:   123        SH:  0    Dex: 10    Spells: 3/3 levels left

rFire    . . .     SeeInvis .   w - +0 hunting sling
rCold    . . .     Gourm    .   (no shield)
rNeg     . . .     Faith    .   e - +0 ring mail
rPois    .         Spirit   .   k - +0 helmet
rElec    .         Reflect  .   (no cloak)
rCorr    .         Harm     .   j - +0 pair of gloves
MR       .....                  (no barding)
Stlth    ..........             (no amulet)
Regen    0.2/turn               s - ring of loudness (curse)
MPRegen  0.1/turn               (no ring)

@: very quick
A: hooves 3, deformed body, speed 2, tough skin 3
a: no special abilities


You were on level 6 of the Dungeon.
You were not hungry.

You visited 1 branch of the dungeon, and saw 4 of its levels.

You collected 123 gold pieces.

Inventory:

Hand Weapons
 a - a +0 mace
 l - a +1 hand crossbow
 w - a +0 hunting sling (weapon)
Missiles
 d - 29 bolts
 h - 41 stones (quivered)
Armour
 e - a +0 ring mail (worn)
 j - a +0 pair of gloves (worn)
 k - a +0 helmet (worn)
Jewellery
 s - a cursed ring of loudness (left hand)
Scrolls
 b - 3 scrolls of identify
 g - a scroll of amnesia
 t - 4 scrolls of teleportation
 u - a scroll of recharging
Potions
 i - a potion of magic {unknown}
 m - a potion of lignification {unknown}
 n - a potion of haste {unknown}
 q - a potion of agility {unknown}
 r - 2 potions of curing {unknown}
Comestibles
 f - a bread ration
 o - a royal jelly
 p - 2 meat rations


   Skills:
 - Level 2.0 Fighting
 - Level 4.3 Crossbows
 + Level 3.7 Dodging
 - Level 0.4 Stealth


You had 3 spell levels left.
You didn't know any spells.

Dungeon Overview and Level Annotations

Branches:
Dungeon (3/15)

Altars:
Ru


Innate Abilities, Weirdness & Mutations

You have hooves in place of feet.
Armour fits poorly on your strangely shaped body.
You cover ground very quickly.
You have extremely tough skin. (AC +3)


Message History

Aim: a bullfrog You shoot a stone.
The stone hits the bullfrog!
The bullfrog is moderately wounded.
The bullfrog hits you.
* * * LOW HITPOINT WARNING * * *
Firing (i - inventory):
h - 43 stones (quivered)
Press: ? - help, Shift-Dir - straight line, f/p - bullfrog
Aim: a bullfrog (moderately wounded)
You shoot a stone. The stone closely misses the bullfrog.
The stone barely misses the bullfrog skeleton.
The bullfrog hits you but does no damage.
The bullfrog hits you!
* * * LOW HITPOINT WARNING * * *
Firing (i - inventory):
h - 42 stones (quivered)
Press: ? - help, Shift-Dir - straight line, f/p - bullfrog
Aim: a bullfrog (moderately wounded)
You shoot a stone. The stone hits the bullfrog.
The bullfrog is heavily wounded.
The bullfrog hits you.
You die...

#.# ####...######
##.######.............#
#.........##...######.#
...########...## #.#
#.##........#.# #.# #.#
.######...# #.# ..#
##..# #.# ###
#..#######.##
#....@FZ...(#
##.#######..# ...# #..#
..#### #.Z####### #.
########......... #
..........######.
.########.# #...# #(#.#


You could see a bullfrog and a bullfrog skeleton.

Vanquished Creatures
  A bullfrog zombie (D:6)
  2 adders (D:2)
  3 worms (D:2)
  2 dart slugs (D:2)
  A leopard gecko (D:2)
  2 ball pythons
  3 bats (D:1)
  A giant cockroach (D:6)
  4 goblins (D:2)
  4 hobgoblins
  3 jackals (D:2)
  2 kobolds
  6 quokkas
  3 frilled lizards
  6 rats
43 creatures vanquished.

Notes
Turn   | Place    | Note
-------+----------+-------------------------------------------
     0 | D:1      | MatthieuS the Centaur Hunter began the quest for the Orb.
     0 | D:1      | Reached XP level 1. HP: 17/17 MP: 1/1
   427 | D:1      | Reached XP level 2. HP: 24/24 MP: 2/2
  1012 | D:2      | Reached XP level 3. HP: 13/29 MP: 3/3
  1737 | D:2      | Found a sacrificial altar of Ru.
  2002 | D:2      | Reached XP level 4. HP: 34/36 MP: 4/4
  2223 | D:3      | You fall through a shaft for 3 floors!
  2322 | D:6      | Noticed a bullfrog
  2343 | D:6      | Slain by a bullfrog

Vault maps used:
D:1:      elethiomel_arrival_maze
D:2:      kennysheep_big_flooded_room, old_standard_altar,
          kennysheep_small_spiral
D:3:      gup_sewer_entry_pipe, uniq_iyjb
D:6:      temple_statues

Skill      XL: |  1  2  3 |
---------------+----------+-----
Dodging        | 2 3 |  3.7
Fighting       | |  2.0
Crossbows      | |  4.3
Stealth        | |  0.4

Action                   |  1- 3 |  4- 6 || total
-------------------------+-------+-------++-------
Melee: Short sword       |    37 |       ||    37
       Mace              |    55 |       ||    55
       Kick              |    17 |       ||    17
 Fire: Hand crossbow     |    19 |       ||    19
       Hunting sling     |    51 |    26 ||    77
  Use: Scroll            |     3 |       ||     3
  Eat: Chunk             |     2 |     1 ||     3
Armor: Leather armour    |    12 |       ||    12
       Ring mail         |    62 |     9 ||    71
Dodge: Dodged            |    54 |     8 ||    62
